 Dungeon Sprint DCSS version 0.28.0-43-g3370ac3207 (webtiles) character file.

Game seed: 9697793589525641656

1000000 smarlow the Eclecticist (level 11, -17/84 HPs)
             Began as a Djinni Warper on Mar 9, 2022.
             Was a Follower of Makhleb.
             Demolished by a meat berserker
             ... wielding a +9 battleaxe
              (75 damage)
             ... in the Dungeon (Sprint VIII: "Arena of Blood").
             The game lasted 00:00:21 (10 turns).

smarlow the Eclecticist (Djinni Warper)               Turns: 10, Time: 00:00:21

Health: -17/84     AC:  3    Str: 10    XL:     11   Next: 25%
Gold:   0          EV: 17    Int: 16    God:    Makhleb [*.....] SH:  0 Dex: 16

rFire   + + .      SeeInvis .   i - +∞ Axe of Woe
rCold   x . .      Faith    .   (shield currently unavailable)
rNeg    . . .      Spirit   .   b - +0 leather armour
rPois   ∞          Reflect  .   (no helmet)
rElec   .          Harm     .   (no cloak)
rCorr   .          Rampage  .   (no gloves)
Will    +....      NoTele   +   (boots unavailable)
Stlth   +.........              (no amulet)
HPRegen 0.24/turn               (no ring)
MPRegen 0.00/turn               (no ring)

@: flying, hasted, very quick
A: sickness immunity, fire resistance 2, cold vulnerability 1, float, innate
caster, HP casting, extra vitality 1
a: Renounce Religion


You were in the Dungeon.
You worshipped Makhleb.
Makhleb was aware of your devotion.
You visited 1 branch

Inventory:

Hand Weapons
 a - a +0 hand axe
 i - the +∞ Axe of Woe (weapon)
   (You found it in the Dungeon)
Missiles
 d - 5 boomerangs of dispersal (quivered)
Armour
 b - a +0 leather armour (worn)
Scrolls
 c - 2 scrolls of blinking
Potions
 e - a potion of curing
 f - a potion of heal wounds
 h - a potion of berserk rage


   Skills:
 + Level 9.1 Fighting
 + Level 8.6 Axes
 + Level 2.1 Throwing
 + Level 5.3 Armour
 + Level 10.0 Dodging
 + Level 15.6 Spellcasting


You had 11 spell levels left.
You knew the following spells:

 Your Spells              Type           Power      Damage    Failure   Level
a - Blink                 Tloc           100%       N/A       0%          2
b - Lesser Beckoning      Tloc           58%        N/A       1%          3
c - Gell's Gravitas       Tloc           58%        N/A       1%          3
d - Teleport Other        Tloc           58%        N/A       1%          3
e - Manifold Assault      Tloc           58%        N/A       1%          5
f - Pain                  Necr           100%       1d9       0%          1
g - Wereblood             Tmut           58%        N/A       0%          2
h - Mephitic Cloud        Conj/Pois/Air  58%        N/A       1%          3
i - Stone Arrow           Conj/Erth      100%       3d13      1%          3
j - Summon Mana Viper     Hex/Summ       58%        N/A       1%          5
Your spell library was empty.

Dungeon Overview and Level Annotations

Branches:
Dungeon (1/1)

Altars:
Makhleb


Innate Abilities, Weirdness & Mutations

You are immune to sickness and miasma.
You are immune to poison.
Your flesh is very heat resistant. (rF++)
You are vulnerable to cold. (rC-)
You float through the air rather than walking.
You learn spells naturally, not from books.
Your magical power is your life essence.
You have superior vitality. (+4 MHP)


Message History

You feel agile. x2
The power to cast Pain wells up from within.
Spell assigned to 'f'.
You have reached level 4!
You feel clever.
You have reached level 5!
The power to cast Wereblood wells up from within.
Spell assigned to 'g'.
You have reached level 6!
You have reached level 7!
The power to cast Mephitic Cloud wells up from within.
Spell assigned to 'h'.
You have reached level 8!
You feel clever.
You have reached level 9!
Your experience leads to an increase in your attributes!
Increase (S)trength, (I)ntelligence, or (D)exterity?
You feel agile. x2
The power to cast Stone Arrow wells up from within.
Spell assigned to 'i'.
You have reached level 10!
You have reached level 11!
The power to cast Summon Mana Viper wells up from within.
Spell assigned to 'j'.
Cast which spell? (? or * to list) Space momentarily warps into an impossible shape!
The bag of meat shouts! x2
You slash the bag of meat! You chop the bag of meat into pieces.
You kill the bag of meat!
Makhleb accepts your kill.
You can now gain health from killing.
You slash the bag of meat!
You butcher the bag of meat messily.
You kill the bag of meat!
Makhleb accepts your kill.
You slice the bag of meat!! You chop the bag of meat into pieces.
You kill the bag of meat!
Makhleb accepts your kill.
You hear a shout! x4
The meat berserker hits you with a +9 battleaxe!!!!
Ouch! That really hurt!
You die...

.....o....#.#o.
......o........
#..o...........
#...).o...o...
.............
...........
#.).....#
#.@)....#
...###.O.....###.
.....o..###......
#...o...._.......
......#.....#....
..)...#_.<._# .
......#.....#
#.o......_.....
........###......


You could see a meat berserker (berserk) and 9 bags of meat.

Vanquished Creatures
  4 orcs (D)
4 creatures vanquished.

Notes
Turn   | Place    | Note
-------+----------+-------------------------------------------
     0 | D        | Found the +∞ Axe of Woe
     0 | D        | smarlow the Djinni Warper began the quest for the Orb.
     0 | D        | Reached XP level 1. HP: 18/18 MP: 0/0
     3 | D        | Became a worshipper of Makhleb the Destroyer
     4 | D        | Noticed a bag of meat
     5 | D        | Noticed a bag of meat
     5 | D        | Noticed a bag of meat
     5 | D        | Noticed a meat berserker
     5 | D        | Noticed a bag of meat
     6 | D        | Noticed a bag of meat
     7 | D        | Noticed a bag of meat
     7 | D        | Noticed a bag of meat
     7 | D        | Noticed a bag of meat
     7 | D        | Noticed a bag of meat
     8 | D        | Noticed a bag of meat
     9 | D        | Killed a bag of meat
     9 | D        | Noticed a bag of meat
     9 | D        | Noticed a bag of meat
     9 | D        | Noticed a bag of meat
     9 | D        | Noticed a bag of meat
    10 | D        | Reached skill level 5 in Armour
    10 | D        | Reached skill level 10 in Dodging
    10 | D        | Reached skill level 15 in Spellcasting
    10 | D        | Reached XP level 2. HP: 25/34 MP: 0/0
    10 | D        | Reached XP level 3. HP: 29/39 MP: 0/0
    10 | D        | Learned a level 1 spell: Pain
    10 | D        | Reached XP level 4. HP: 33/45 MP: 0/0
    10 | D        | Reached XP level 5. HP: 37/50 MP: 0/0
    10 | D        | Learned a level 2 spell: Wereblood
    10 | D        | Reached XP level 6. HP: 42/56 MP: 0/0
    10 | D        | Reached XP level 7. HP: 45/61 MP: 0/0
    10 | D        | Learned a level 3 spell: Mephitic Cloud
    10 | D        | Reached XP level 8. HP: 50/67 MP: 0/0
    10 | D        | Reached XP level 9. HP: 54/72 MP: 0/0
    10 | D        | Learned a level 3 spell: Stone Arrow
    10 | D        | Reached XP level 10. HP: 58/78 MP: 0/0
    10 | D        | Reached XP level 11. HP: 63/84 MP: 0/0
    10 | D        | Learned a level 5 spell: Summon Mana Viper
    10 | D        | Killed a bag of meat
    10 | D        | Reached * piety under Makhleb
    10 | D        | Killed a bag of meat
    10 | D        | Killed a bag of meat
    10 | D        | Demolished by a meat berserker

Illustrated notes

Levels and vault maps discovered:
D:        meatsprint

Skill      XL: |  1 |
---------------+----+-----
Fighting       | 9 |  9.1
Axes           | 8 |  8.6
Throwing       | 2 |  2.1
Armour         | 5 |  5.3
Dodging        | 10 | 10.0
Spellcasting   | 15 | 15.6

Action                   |  1- 3 |  4- 6 |  7- 9 | 10-12 || total
-------------------------+-------+-------+-------+-------++-------
Melee: Executioner's axe |     1 |       |       |     3 ||     4
 Cast: Manifold Assault  |       |       |       |     1 ||     1
  Use: Potion            |     1 |       |       |       ||     1
